AoeStats
← Michi3052

MegaRandom

505379017Analyzed
1v1 RM · 24d ago on Sep 9, 2026· 48m 53s· 2 players
Game mode
Random Map
Map size
Tiny (2 player)
Population
200
Speed
Normal
Resources
Standard
Victory
Conquest
Starting age
Dark Age
Ending age
Imperial Age
RankedLock teamsTeams togetherTeam positionsShared explorationLock speedFull tech treeHidden civsTurbo modeCheats
Victory
Defeat
🇦🇷 Armenians · Argentina
599
+17
🇪🇸 Magyars · Spain
629
-17
Axel_93
4:55 Loom
11:45 Feudal Age
11:56 Man-at-Arms
12:32 Double-Bit Axe
19:34 Fletching
19:45 Scale Mail Armor
19:58 Forging
20:37 Pikeman
25:56 Castle Age
23:53 Gold Mining
24:21 Horse Collar
24:33 Long Swordsman
26:00 Crossbowman
26:39 Bodkin Arrow
27:00 Chain Mail Armor
27:28 Town Watch
28:20 Gambesons
28:21 Arson
28:37 Squires
30:46 Iron Casting
30:57 Two-Handed Swordsman
32:52 Wheelbarrow
34:32 Padded Archer Armor
35:44 Town Patrol
39:09 Halberdier
40:12 Hand Cart
42:28 Leather Archer Armor
45:21 Imperial Age
45:26 Champion
46:39 Ring Archer Armor
46:10 Bracer
46:09 Light Cavalry
47:24 Ballistics
48:28 Bow Saw
48:53 Gold Shaft Mining
Michi3052
10:04 Loom
12:48 Feudal Age
14:31 Double-Bit Axe
15:38 Bloodlines
20:03 Wheelbarrow
19:53 Horse Collar
23:22 Castle Age
25:58 Scale Barding Armor
27:25 Gold Mining
27:33 Town Watch
31:18 Hand Cart
31:54 Stone Mining
32:45 Husbandry
37:38 Scale Barding Armor
38:46 Chain Barding Armor
38:21 Fletching
43:32 Corvinian Army
43:41 Corvinian Army
47:14 Imperial Age
46:02 Gold Shaft Mining
48:58 Conscription
Connection lost

Rejoining the realm…

Still unreachable

The connection could not be restored.

Session expired

The server has moved on; the page needs a fresh start.